 Dungeon Crawl Stone Soup version 0.30.0-29-ga12c61a403 (webtiles) character file.

Game seed: 14148890011238818895

98 Bnni the Digger (level 5, 0/37 HPs)
             Began as a Formicid Earth Elementalist on June 21, 2023.
             Slain by an orc
             ... wielding a +0 trident
              (8 damage)
             ... on level 3 of the Dungeon.
             The game lasted 00:03:42 (1700 turns).

Bnni the Digger (Formicid Earth Elementalist)       Turns: 1700, Time: 00:03:43

Health: 0/37       AC:  3    Str: 13    XL:     5   Next: 1%
Magic:  4/8        EV: 11    Int: 16    God:
Gold:   128        SH:  0    Dex: 14    Spells: 3/9 levels left

rFire   . . .        l - +4 short sword (drain)
rCold   . . .        (no shield)
rNeg    . . .        c - +0 leather armour
rPois   .            (helmet unavailable)
rElec   .            (no cloak)
rCorr   .            (no gloves)
SInv    +            (no boots)
Will    .....        k - amulet of regeneration
Stlth   ++           (no ring)
HPRegen 1.06/turn    (no ring)
MPRegen 0.11/turn

%: no passive effects
@: no status effects
A: permanent stasis, dig shafts and tunnels, antennae 3, four strong arms
a: Dig, Shaft Self


You were on level 3 of the Dungeon.
You visited 1 branch of the dungeon, and saw 3 of its levels.

You collected 128 gold pieces.

Inventory:

Hand Weapons
 l - a +4 short sword of draining (weapon)
Missiles
 i - 4 poisoned darts
Armour
 c - a +0 leather armour (worn)
 e - a +0 ring mail
Jewellery
 k - an amulet of regeneration (around neck)
Scrolls
 a - a scroll of immolation
 f - a scroll of teleportation {unknown}
 m - a scroll of vulnerability {unknown}
Potions
 b - a potion of magic
 d - a potion of brilliance {unknown}
 g - 2 potions of might
 j - 3 potions of curing


   Skills:
 + Level 1.3 Fighting
 - Level 1.7 Dodging
 - Level 2.4 Stealth
 + Level 2.6 Spellcasting
 * Level 1.6 Conjurations
 * Level 2.5 Transmutations
 * Level 4.4 Earth Magic


You had 3 spell levels left.
You knew the following spells:

 Your Spells              Type           Power      Damage    Failure   Level
a - Sandblast             Erth           32%        2d9       4%          1
b - Passwall              Tmut/Erth      10%        N/A       9%          2
c - Stone Arrow           Conj/Erth      22%        3d8       22%         3

Your spell library contained the following spells:

 Spells                   Type           Power      Damage    Failure   Level
 Call Canine Familiar     Summ           2%         N/A       58%         3
 Portal Projectile        Hex/Tloc       4%         N/A       58%         3
 Petrify                  Tmut/Erth      13%        N/A       52%         4
 Leda's Liquefaction      Hex/Erth       4%         N/A       69%         4


Dungeon Overview and Level Annotations

Branches:
Dungeon (3/15)

Altars:

Annotations:
D:3 1 runed translucent door, Graphine's ghost, amateur DECj


Innate Abilities, Weirdness & Mutations

You cannot be hasted, slowed, berserked, paralysed or teleported.
You can dig through walls and to a lower floor.
You have a pair of large antennae on your head. (SInv)
Your four strong arms can wield two-handed weapons with a shield.


Message History

The orc hits you from afar with a +0 trident.
You hit the orc. You drain the orc.
You kill the orc!
You feel very sick. The orc hits you with a +0 club.
The orc closely misses you.
You have reached level 5!
Aiming: Sandblast (safe; 4% risk of failure)
Press: ? - help, Q - select action, (/) - cycle Shift-Dir - straight line, f - orc
Aim: an orc, wielding a +0 club and wearing a +0 chain mail (87% to hit)
The blast of sand hits the orc but does no damage.
You feel sick.
The orc hits you from afar with a +0 trident.
The orc hits you but does no damage.
Aiming: Sandblast (safe; 4% risk of failure)
Press: ? - help, Q - select action, (/) - cycle Shift-Dir - straight line, f/p - orc
Aim: an orc, wielding a +0 club and wearing a +0 chain mail (87% to hit)
The blast of sand misses the orc.
You feel sick. The orc misses you. The orc barely misses you.
The orc hits you with a +0 club.
The orc hits you from afar with a +0 trident.
* * * LOW HITPOINT WARNING * * *
Unknown command.
Okay, then.
You feel sick.
Aiming: Sandblast (safe; 4% risk of failure)
Press: ? - help, Q - select action, (/) - cycle Shift-Dir - straight line, f/p - orc
Aim: an orc, wielding a +0 club and wearing a +0 chain mail (87% to hit)
The blast of sand hits the orc but does no damage.
You feel sick. The orc hits you with a +0 club.
* * * LOW HITPOINT WARNING * * *
The orc misses you.
Aiming: Sandblast (safe; 4% risk of failure)
Press: ? - help, Q - select action, (/) - cycle Shift-Dir - straight line, f/p - orc
Aim: an orc, wielding a +0 club and wearing a +0 chain mail (87% to hit)
The blast of sand hits the orc but does no damage.
You feel sick.
You are no longer poisoned.
The orc closely misses you.
The orc hits you from afar with a +0 trident!
You die...

##....## #.###.#.#
#....# ..##..#.##
#...... .###.##..## #
#.##############..#.#
#.# { ~w~~W{#.###...#
~!~~{r+......##
~~~~{r#.####.###
.[############........
......oo@..............
.##....#######..........
##### ###########


You could see 2 orcs.

Vanquished Creatures
  A gnoll (D:1)
  3 adders (D:2)
  A worm (D:2)
  3 orcs (D:3)
  2 ball pythons
  6 endoplasms
  2 giant cockroaches
  3 hobgoblins
  3 jackals (D:1)
  5 kobolds
  A quokka (D:2)
  4 bats
  3 frilled lizards
  5 goblins
  11 rats
53 creatures vanquished.

Notes
Turn   | Place    | Note
-------+----------+-------------------------------------------
     0 | D:1      | Bnni the Formicid Earth Elementalist began the quest for
                  | the Orb.
     0 | D:1      | Reached XP level 1. HP: 13/13 MP: 3/3
   157 | D:1      | Reached XP level 2. HP: 19/19 MP: 1/5
   206 | D:1      | Learned a level 2 spell: Passwall
   575 | D:1      | Reached XP level 3. HP: 25/25 MP: 4/6
   653 | D:1      | Reached skill level 1 in Conjurations
   653 | D:1      | Reached skill level 4 in Earth Magic
   883 | D:2      | Reached skill level 1 in Fighting
  1102 | D:2      | Reached XP level 4. HP: 32/32 MP: 3/7
  1244 | D:2      | Learned a level 3 spell: Stone Arrow
  1677 | D:3      | Found a runed translucent door.
  1680 | D:3      | Noticed Graphine's ghost (amateur DECj)
  1696 | D:3      | Reached XP level 5. HP: 19/37 MP: 8/8
  1700 | D:3      | Slain by an orc

Illustrated notes

Levels and vault maps discovered:
D:1:      saegor_arrival_simple_c, layout_rooms
D:2:      minmay_alternating_diamond, layout_loops_cross, dk_noncrumbling_4,
          corner_web_ring, minivault_4, minmay_rat_gold_closets
D:3:      layout_rooms, kennysheep_orc_sif_temple, ebering_ghost_sewer_f

Skill      XL: |  1  2  3 |
---------------+----------+-----
Conjurations   | 1 |  1.6
Transmutations | 2 |  2.5
Earth Magic    | 4 |  4.4
Fighting       | 1 |  1.3
Dodging        | |  1.7
Stealth        | |  2.4
Spellcasting   | |  2.6

Action                     |  1- 3 |  4- 6 || total
---------------------------+-------+-------++-------
  Melee: Unarmed           |    13 |       ||    13
         Dagger            |    20 |       ||    20
         Spear             |    22 |       ||    22
         Punch             |     2 |     1 ||     3
         Short sword       |       |    33 ||    33
   Cast: Sandblast         |    34 |     7 ||    41
Ability: Dig               |     1 |       ||     1
    Use: Scroll            |       |     4 ||     4
   Stab: Sleeping          |     4 |     3 ||     7
         Distracted        |       |     1 ||     1
 Armour: Robe              |    12 |       ||    12
         Leather armour    |     1 |     8 ||     9
  Dodge: Dodged            |    72 |    25 ||    97
